 Dungeon Crawl Stone Soup version 0.23.2-1-ga50397a (webtiles) character file.

Game seed: 2045942786169611508

2012 troglodite the Skirmisher (level 9, -3/106 HPs)
             Began as a Demonspawn Berserker on May 6, 2019.
             Was an Elder of Trog.
             Slain by a killer bee (5 damage)
             ... on level 7 of the Dungeon.
             The game lasted 00:21:27 (7615 turns).

troglodite the Skirmisher (Demonspawn Berserker)    Turns: 7615, Time: 00:21:29

Health: -3/106     AC: 24    Str: 14 (17) XL:     9   Next: 2%
Magic:  9/9        EV:  2    Int: 13 (15) God:    Trog [****..]
Gold:   350        SH:  0    Dex: 14 (15) Spells: 8/8 levels left

rFire    . . .     SeeInvis .   a - +0 falchion
rCold    . . .     Gourm    .   (no shield)
rNeg     + + +     Faith    .   (armour currently unavailable)
rPois    +         Spirit   .   (helmet currently unavailable)
rElec    .         Reflect  .   (cloak currently unavailable)
rCorr    .         Harm     .   (gloves currently unavailable)
MR       .....     NoTele   +   (boots currently unavailable)
Stlth    ++........             (no amulet)
HPRegen  0.27/turn              (no ring)
MPRegen  0.11/turn              (no ring)

@: brilliant, lethally poisoned (-3 -> -6), tree-form, berserk cooldown,
starving, slowed, very slow
A: foul stench 1, powered by pain 2, rot immunity
a: Berserk, Trog's Hand, Brothers in Arms, Renounce Religion


You were on level 7 of the Dungeon.
You worshipped Trog.
Trog was greatly pleased with you.
You were starving.
You were a tree.
You visited 1 branch of the dungeon, and saw 7 of its levels.

You collected 350 gold pieces.

Inventory:

Hand Weapons
 a - a +0 falchion (weapon)
Armour
 k - a +0 helmet (melded)
 q - a +0 plate armour (melded)
Scrolls
 b - a scroll of enchant weapon {unknown}
 f - 7 scrolls of teleportation {unknown}
 i - 6 scrolls of identify {unknown}
 l - a scroll of immolation {unknown}
 m - 2 scrolls of fog {unknown}
 o - 2 scrolls of blinking {unknown}
 p - a scroll of fear {unknown}
Potions
 d - 2 potions of berserk rage
Comestibles
 c - 13 rations


   Skills:
 * Level 6.7 Fighting
 + Level 5.9 Long Blades
 * Level 6.5 Armour
 * Level 4.3 Dodging
 + Level 1.0 Stealth


You had 8 spell levels left.
You didn't know any spells.
Your spell library was empty.

Dungeon Overview and Level Annotations

Branches:
Dungeon (7/15)             Temple (0/1) D:7

Altars:
Ashenzari
Fedhas
Ru
Uskayaw
Vehumet

Annotations:
D:4 1 runed translucent door, Nukog's ghost, amateur OgTm


Innate Abilities, Weirdness & Mutations

((You have razor-sharp toenails.))
((You are partially covered in large bone plates. (SH +4)))
You may emit foul miasma when damaged in melee.
You sometimes gain power by taking damage.
You are immune to rotting.


Message History

It was a potion of lignification.
You turn into a tree.
Your +0 helmet melds into your body.
Your +0 plate armour melds into your body.
Your roots penetrate the ground.
* * * LOW HITPOINT WARNING * * *
You feel sick.
The killer bee stings you but does no damage. x3
It was a potion of degeneration.
There was something very wrong with that liquid.
You feel weakened.
You feel dopey.
You feel clumsy.
* * * LOW HITPOINT WARNING * * *
You feel sick.
The killer bee stings you but does no damage.
The killer bee completely misses you.
The killer bee stings you but does no damage.
It was a potion of brilliance.
You feel clever all of a sudden.
* * * LOW HITPOINT WARNING * * *
You feel sick. The killer bee stings you.
You die...

########
#......#
+......#
#......#
#......#
#.....♣##### #
#######y...#
#)..##....#....#
........Yy'....#
..........#....#
..........#....#
#..###..###....#
#. #..#......# .
....#......#


You could see a killer bee.

Vanquished Creatures
  Pikel (D:6)
  2 black bears (D:6)
  A sky beast (D:7)
  An ogre (D:4)
  A centaur (D:4)
  A bullfrog (D:6)
  A scorpion (D:7)
  3 killer bees (D:7)
  5 wights (D:6)
  A howler monkey (D:6)
  2 crimson imps
  An orc priest (D:4)
  2 orc wizards (D:4)
  7 worker ants
  2 iguanas
  A hound skeleton (D:7)
  8 gnolls
  5 adders
  A shadow imp (D:5)
  An adder skeleton (D:6)
  2 worms
  2 dart slugs
  2 leopard geckos
  11 orcs
  3 ball pythons
  3 giant cockroaches
  7 goblins
  10 hobgoblins
  10 kobolds
  A quokka (D:6)
  16 bats
  6 frilled lizards
  2 jackal skeletons
  A quokka zombie (D:3)
  5 rats
128 creatures vanquished.

Notes
Turn   | Place    | Note
-------+----------+-------------------------------------------
     0 | D:1      | troglodite the Demonspawn Berserker began the quest for the
                  | Orb.
     0 | D:1      | Reached XP level 1. HP: 18/18 MP: 1/1
   159 | D:1      | Gained mutation: You are partially covered in large bone
                  | plates. (SH +4) [demonic ancestry]
   159 | D:1      | Reached XP level 2. HP: 20/24 MP: 2/2
   779 | D:1      | Reached ** piety under Trog
  1297 | D:2      | Gained mutation: You have sharp toenails. [demonic
                  | ancestry]
  1297 | D:2      | Reached XP level 3. HP: 26/29 MP: 3/3
  1902 | D:2      | Gained mutation: You are immune to rotting. [demonic
                  | ancestry]
  1902 | D:2      | Reached XP level 4. HP: 12/37 MP: 4/4
  2325 | D:2      | Found a sacrificial altar of Ru.
  2326 | D:2      | Found a hide-covered altar of Uskayaw.
  2328 | D:2      | Found a shattered altar of Ashenzari.
  4208 | D:4      | Gained mutation: You sometimes gain a little power by
                  | taking damage. [demonic ancestry]
  4208 | D:4      | Reached XP level 5. HP: 40/42 MP: 5/5
  4232 | D:4      | Reached *** piety under Trog
  4358 | D:4      | Found a blossoming altar of Fedhas.
  4369 | D:4      | Noticed a centaur
  4372 | D:4      | Noticed an ogre
  4387 | D:4      | Killed an ogre
  4387 | D:4      | Reached XP level 6. HP: 15/49 MP: 6/6
  4868 | D:4      | Found a runed translucent door.
  4872 | D:4      | Noticed Nukog's ghost (amateur OgTm)
  5053 | D:4      | Gained mutation: You have razor-sharp toenails. [demonic
                  | ancestry]
  5053 | D:4      | Reached XP level 7. HP: 51/55 MP: 7/7
  5500 | D:5      | Entered Level 5 of the Dungeon
  5661 | D:5      | Found a radiant altar of Vehumet.
  6636 | D:6      | Reached skill level 5 in Fighting
  6846 | D:6      | Reached skill level 5 in Armour
  6846 | D:6      | Reached skill level 1 in Stealth
  6921 | D:6      | Reached skill level 5 in Long Blades
  6926 | D:6      | Noticed Pikel
  6932 | D:6      | Killed Pikel
  6932 | D:6      | Gained mutation: You sometimes gain power by taking damage.
                  | [demonic ancestry]
  6932 | D:6      | Reached XP level 8. HP: 64/64 MP: 8/8
  7060 | D:6      | Reached **** piety under Trog
  7344 | D:7      | Found a staircase to the Ecumenical Temple.
  7605 | D:7      | Gained mutation: You may emit foul miasma when damaged in
                  | melee. [demonic ancestry]
  7605 | D:7      | Reached XP level 9. HP: 32/71 MP: 9/9
  7612 | D:7      | HP: 2/71 [killer bee (7)]
  7615 | D:7      | Slain by a killer bee

Skill      XL: |  1  2  3  4  5  6  7  8 |
---------------+-------------------------+-----
Armour         | 2 3 4 5 6 |  6.5
Dodging        | 2 3 4 |  4.3
Long Blades    | 3 4 5 |  5.9
Fighting       | 4 5 6 |  6.7
Stealth        | 1 |  1.0

Action                   |  1- 3 |  4- 6 |  7- 9 || total
-------------------------+-------+-------+-------++-------
Melee: Falchion          |    99 |   158 |   212 ||   469
       Kick              |     6 |    62 |    78 ||   146
Invok: Berserk           |       |     3 |     4 ||     7
       Trog's Hand       |       |     1 |       ||     1
  Use: Potion            |       |     2 |     4 ||     6
  Eat: Chunk             |     3 |    12 |     8 ||    23
       Ration            |       |       |     1 ||     1
Armor: Animal skin       |     3 |       |       ||     3
       Ring mail         |    15 |    44 |    24 ||    83
       Plate armour      |       |       |   117 ||   117
       Skin              |       |       |     5 ||     5
Dodge: Dodged            |    58 |    74 |    88 ||   220
Block: Other             |    12 |    31 |    33 ||    76
       Rpst.: Falchion   |    18 |    25 |    26 ||    69
